Map: Eternal Empire LE

Players

Impact - Winner!

  • Race: Zerg Zerg
  • Spawn Location: 7:00

SKillous

  • Race: Protoss Protoss
  • Spawn Location: 1:00

Event: IEM Katowice 2020

VOD

Have the link to the VOD?

Description

Time

  • Played on: Feb. 24, 2020, 1:07 p.m.
  • Length: 19:13

All games in this series

Show
View Real Time Build Order
Export as new Build Order

Impact Zerg - Winner!

Build Orders: Hatch First 

Get SALT Encoding   

  12  0:00  Drone  
  13  0:12  Overlord  
  13  0:17  Drone  
  14  0:31  Drone x2  
  16  0:49  Hatchery  
  15  0:52  Drone  
  15  0:54  Drone  
  17  0:59  Drone  
  18  1:09  Extractor  
  17  1:14  Spawning Pool  
  17  1:17  Drone  
  17  1:20  Drone  
  18  1:30  Drone  
  19  1:41  Drone  
  20  1:47  Hatchery  
  20  1:50  Drone  
  20  2:01  Queen  
  20  2:02  Zergling x2  
  20  2:05  Drone  
  24  2:11  Overlord  
  24  2:22  Drone x2  
  26  2:25  Queen  
  28  2:35  Zergling x2  
  28  2:36  Drone x2  
  31  2:40  Queen  
  31  2:43  Drone  
  34  2:47  Drone  
  35  2:54  Drone  
  35  2:57  Metabolic Boost  
  36  3:00  Queen  
  36  3:02  Overlord  
  38  3:09  Drone x2  
  38  3:12  Spore Crawler  
  39  3:15  Overlord  
  39  3:21  Drone  
  39  3:26  Drone  
  41  3:27  Drone  
  41  3:28  Overlord  
  41  3:31  Overlord  
  42  3:34  Overlord  
  42  3:36  Drone  
  42  3:38  Drone x2  
  42  3:40  Zergling x2  
  46  3:41  Zergling x2  
  47  3:48  Drone  
  47  3:51  Drone x2  
  47  3:54  Roach Warren  
  49  3:56  Drone  
  49  3:59  Drone  
  49  4:01  Extractor  
  49  4:02  Extractor  
  49  4:03  Drone x2  
  49  4:07  Drone  
  49  4:09  Drone  
  52  4:10  Spore Crawler  
  52  4:14  Queen  
  55  4:19  Drone  
  55  4:20  Drone x3  
  55  4:23  Drone  
  60  4:26  Extractor x2  
  60  4:29  Drone x2  
  60  4:33  Lair  
  60  4:36  Drone  
  61  4:39  Drone  
  61  4:41  Drone x3  
  61  4:43  Drone  
  64  4:49  Drone x4  
  66  4:56  Drone  
  66  4:57  Drone x4  
  71  5:00  Extractor  
  71  5:01  Extractor, Drone  
  71  5:02  Drone  
  71  5:03  Extractor, Drone  
  71  5:07  Drone  
  71  5:08  Zergling x2, Evolution Chamber  
  71  5:09  Zergling x2, Overlord  
  73  5:16  Overlord  
  73  5:32  Drone  
  73  5:34  Spire, Drone  
  73  5:35  Drone  
  75  5:38  Drone x5  
  75  5:39  Glial Reconstitution, Drone  
  75  5:42  Roach x4  
  89  5:43  Zerg Missile Weapons Level 1  
  89  5:44  Overseer  
  89  5:49  Overlord x2  
  89  5:50  Overlord  
  89  5:59  Hatchery  
  89  6:01  Roach  
  88  6:06  Overlord x2  
  88  6:09  Zergling x2  
  88  6:10  Zergling x6  
  92  6:12  Zergling x4  
  92  6:13  Zergling x2  
  95  6:19  Zergling x4  
  95  6:22  Overseer  
  97  6:26  Drone x3  
  97  6:27  Zergling x6, Roach x2  
  107  6:35  Unknown  
  106  6:48  Mutalisk x7  
  106  6:51  Mutalisk  
  106  6:52  Overlord x3  
  121  6:57  Drone  
  121  7:10  Overlord x3  
  121  7:11  Roach  
  121  7:12  Roach x5  
  133  7:17  Roach  
  133  7:19  Roach x2  
  139  7:25  Overlord x4  
  139  7:28  Roach x3  
  139  7:29  Ravager x2  
  151  7:30  Ravager x5  
  151  7:32  Roach  
  151  7:35  Roach x2  
  151  7:37  Ravager x2  
  160  7:48  Roach x8  
  176  7:56  Roach x5  
  180  7:59  Roach  
  182  8:06  Zergling x12  
  182  8:08  Zergling x2, Ravager x4  
  192  8:13  Roach  
  192  8:14  Baneling Nest  
  192  8:18  Zergling x10  
  171  8:20  Roach  
  171  8:22  Roach  
  171  8:23  Roach  
  171  8:24  Zergling x4  
  160  8:27  Roach  
  160  8:31  Roach  
  160  8:34  Roach  
  160  8:36  Zergling x2  
  160  8:39  Zergling x2  
  162  8:43  Overseer, Ravager x6  
  162  8:45  Zergling x2  
  162  8:47  Zergling x4  
  171  8:49  Hatchery  
  171  8:50  Roach  
  171  8:51  Roach  
  171  8:53  Roach  
  171  8:55  Roach  
  167  8:58  Roach x2  
  167  8:59  Roach  
  167  9:00  Zergling x2  
  169  9:07  Roach x4  
  165  9:15  Roach  
  165  9:16  Roach x4  
  166  9:18  Zergling x6  
  166  9:20  Overlord  
  166  9:23  Zergling x4  
  169  9:28  Zergling x10  
  169  9:31  Overlord  
  174  9:33  Baneling x5  
  174  9:34  Ravager x2  
  174  9:36  Overseer  
  174  9:38  Baneling x5  
  175  9:39  Zergling x2  
  175  9:42  Roach  
  175  9:43  Roach  
  180  9:48  Zergling x2, Overlord  
  180  9:50  Overlord  
  181  9:54  Roach x3  
  185  10:00  Zerg Melee Weapons Level 1  
  185  10:01  Zergling x8  
  187  10:09  Zergling x16  
  187  10:13  Ravager  
  195  10:14  Roach x2  
  173  10:35  Mutalisk x9  
  176  10:37  Mutalisk  
  176  10:40  Mutalisk x2  
  193  10:43  Zergling x2  
  193  10:44  Zergling x4  
  193  10:47  Drone x2  
  195  10:51  Zergling x6, Drone  
  195  10:55  Drone x2  
  198  11:02  Zergling x12  
  195  11:06  Zergling x4  
  195  11:10  Roach x2  
  199  11:11  Drone  
  199  11:14  Ravager  
  199  11:15  Baneling x7  
  198  11:20  Centrifical Hooks  
  198  11:22  Zergling x4  
  199  11:27  Zergling x2  
  199  11:29  Baneling x12  
  199  11:33  Zergling x2  
  189  11:40  Zergling x2  
  189  11:41  Zergling x16  
  189  11:46  Zergling x10  
  183  11:49  Zergling x2  
  183  11:50  Zergling x4  
  183  11:51  Roach  
  165  11:58  Drone x3  
  159  12:01  Zergling x12  
  159  12:07  Roach x2  
  159  12:08  Roach  
  152  12:09  Zergling x2  
  152  12:12  Zergling x4  
  153  12:15  Roach x2  
  153  12:18  Baneling x5  
  153  12:19  Baneling  
  153  12:23  Baneling x6  
  153  12:24  Zergling x4  
  153  12:26  Zergling x4  
  157  12:33  Roach x3  
  157  12:36  Zergling x6  
  150  12:39  Roach  
  150  12:40  Roach  
  129  12:44  Zergling x12  
  129  12:48  Roach x2  
  129  12:50  Zergling x2  
  129  12:51  Zergling x2  
  124  12:53  Roach x2  
  124  12:57  Roach x2  
  116  12:58  Roach  
  116  13:02  Roach x2  
  116  13:03  Baneling x4  
  116  13:04  Baneling  
  120  13:08  Baneling  
  120  13:10  Zergling x2  
  120  13:11  Zergling x4  
  120  13:12  Ravager x2  
  125  13:18  Corruptor x2  
  125  13:19  Corruptor  
  131  13:21  Corruptor  
  131  13:26  Zerg Melee Weapons Level 2  
  133  13:27  Zergling x2  
  133  13:28  Zergling x2  
  133  13:29  Ravager x2  
  133  13:30  Drone  
  133  13:33  Zergling x6  
  139  13:37  Ravager x2  
  139  13:38  Ravager x5  
  139  13:41  Zergling x8  
  150  13:43  Zergling x4  
  150  13:44  Overseer  
  150  13:47  Drone  
  150  13:48  Drone x2  
  155  13:51  Overseer  
  155  13:53  Zergling x8  
  155  13:55  Baneling x5  
  159  13:58  Drone  
  159  14:10  Zergling x14  
  159  14:14  Hatchery  
  164  14:21  Baneling x20  
  164  14:22  Zergling x2  
  164  14:27  Zergling x8  
  167  14:32  Zergling x10  
  167  14:34  Baneling x3  
  119  14:57  Roach x7  
  119  14:58  Roach x8  
  136  15:00  Zergling x4  
  136  15:03  Baneling x3  
  136  15:06  Overseer  
  135  15:08  Baneling x10  
  135  15:12  Corruptor  
  135  15:13  Corruptor  
  135  15:18  Corruptor  
  135  15:20  Corruptor  
  138  15:23  Corruptor  
  138  15:26  Ravager x2  
  138  15:27  Ravager  
  141  15:29  Zergling x8  
  141  15:33  Zergling x6  
  141  15:35  Baneling  
  148  15:37  Overseer x2  
  148  15:38  Zergling x2, Overseer  
  148  15:39  Zergling x4  
  148  15:41  Zergling x2  
  148  15:42  Zergling x2  
  135  15:50  Zergling x16  
  135  15:53  Roach x2  
  120  15:58  Zergling x10  
  120  16:01  Roach  
  120  16:03  Zergling x8  
  115  16:07  Roach  
  115  16:08  Roach  
  115  16:10  Corruptor  
  112  16:12  Zergling x4  
  112  16:15  Roach x2  
  112  16:16  Zergling x2  
  112  16:18  Roach  
  110  16:19  Zergling x2  
  110  16:20  Zergling x2  
  110  16:23  Zergling x2  
  110  16:24  Corruptor  
  112  16:27  Zergling x4  
  112  16:30  Zergling x6  
  107  16:33  Corruptor  
  107  16:39  Roach x2  
  110  16:43  Roach  
  110  16:44  Zergling x4, Roach  
  110  16:45  Zergling x4  
  117  16:47  Ravager  
  117  16:48  Ravager x3  
  117  16:51  Drone x2  
  122  16:55  Drone x3  
  122  16:58  Zergling x6  
  122  16:59  Baneling  
  122  17:00  Baneling  
  127  17:05  Roach  
  127  17:06  Roach x2  
  127  17:07  Roach  
  131  17:09  Roach  
  131  17:13  Roach x2  
  132  17:18  Roach x3  
  136  17:26  Roach x4  
  144  17:31  Roach x2  
  144  17:32  Zergling x2  
  142  17:39  Zergling x10  
  132  17:45  Roach  
  132  17:49  Zergling x6  
  125  17:52  Zergling x4  
  125  17:55  Drone  
  125  17:58  Roach  
  127  18:02  Zergling x6  
  130  18:06  Roach  
  130  18:08  Overseer  
  130  18:09  Pneumatized Carapace  
  131  18:14  Roach  
  131  18:22  Corruptor  
  131  18:23  Corruptor  
  130  18:31  Zergling x10  
  132  18:34  Zergling x4  
  132  18:37  Zergling x2  
  132  18:40  Corruptor  
  130  18:55  Ravager x8  
  130  18:56  Ravager x10  
  130  18:57  Drone  
  130  18:58  Drone  
  130  18:59  Ravager  
Show
View Real Time Build Order
Export as new Build Order

SKillous Protoss 

Build Orders: 1 Gate Expand, Oracle Opening, Archon Immortal 

Get SALT Encoding   

  12  0:00  Probe  
  13  0:12  Probe  
  14  0:20  Pylon  
  14  0:24  Probe  
  15  0:28  Assimilator  
  15  0:38  Probe (Chrono Boost)  
  16  0:43  Gateway  
  16  0:47  Probe (Chrono Boost)  
  17  0:53  Probe  
  18  1:05  Probe  
  19  1:17  Probe  
  20  1:24  Nexus  
  20  1:33  Cybernetics Core  
  20  1:36  Probe  
  21  1:41  Assimilator  
  21  1:48  Probe  
  21  1:51  Pylon  
  22  2:00  Probe  
  23  2:06  Adept (Chrono Boost)  
  23  2:12  Probe  
  26  2:15  Stargate  
  26  2:21  Warp Gate  
  26  2:24  Probe (Chrono Boost)  
  26  2:28  Stalker (Chrono Boost)  
  27  2:36  Probe (Chrono Boost)  
  31  2:42  Probe (Chrono Boost)  
  32  2:45  Probe (Chrono Boost)  
  32  2:49  Probe (Chrono Boost)  
  32  2:50  Probe (Chrono Boost)  
  34  2:59  Oracle (Chrono Boost)  
  34  3:00  Probe  
  34  3:02  Probe  
  39  3:07  Pylon  
  39  3:13  Probe  
  39  3:14  Probe  
  41  3:25  Probe  
  41  3:26  Probe  
  43  3:33  Oracle (Chrono Boost)  
  46  3:37  Probe  
  46  3:38  Probe  
  48  3:41  Nexus  
  48  3:49  Probe  
  48  3:50  Probe  
  48  3:51  Robotics Facility  
  48  3:53  Pylon  
  50  4:00  Assimilator  
  50  4:01  Probe  
  52  4:02  Probe  
  52  4:03  Assimilator  
  52  4:13  Sentry  
  52  4:15  Probe (Chrono Boost)  
  52  4:16  Probe (Chrono Boost)  
  56  4:19  Gateway  
  56  4:26  Probe (Chrono Boost)  
  56  4:27  Forge  
  56  4:28  Twilight Council  
  56  4:29  Probe (Chrono Boost)  
  56  4:31  Probe (Chrono Boost)  
  60  4:41  Probe (Chrono Boost), Adept  
  62  4:53  Observer  
  62  4:54  Pylon  
  62  4:55  Probe (Chrono Boost), Protoss Ground Weapons Level 1 (Chrono Boost)  
  62  4:57  Gateway  
  62  4:58  Gateway  
  62  4:59  Probe x2 (Chrono Boost)  
  66  5:02  Probe (Chrono Boost)  
  66  5:04  Charge  
  66  5:06  Probe x2 (Chrono Boost), Sentry  
  71  5:07  Probe (Chrono Boost)  
  72  5:17  Probe x2, Immortal (Chrono Boost)  
  72  5:18  Probe  
  72  5:21  Phoenix (Chrono Boost)  
  78  5:29  Probe x2, Pylon  
  78  5:30  Probe  
  81  5:37  Assimilator  
  81  5:41  Probe x2, Assimilator  
  83  5:43  Probe  
  83  5:46  Gateway  
  83  5:47  Gateway  
  84  5:53  Probe x2  
  84  5:54  Warp Prism (Chrono Boost)  
  84  5:55  Probe  
  89  5:59  Gateway  
  89  6:01  Gateway  
  89  6:13  Pylon  
  89  6:17  Pylon  
  87  6:22  Zealot x3  
  93  6:31  Immortal (Chrono Boost)  
  97  6:33  Pylon  
  97  6:34  Pylon  
  97  6:44  Zealot x6  
  107  6:47  Templar Archives  
  107  6:48  Pylon  
  107  6:49  Pylon  
  107  6:52  Shield Battery  
  107  6:54  Shield Battery  
  107  6:56  Shield Battery  
  107  6:57  Probe  
  107  6:58  Protoss Ground Weapons Level 2 (Chrono Boost)  
  107  6:59  Probe  
  107  7:00  Pylon  
  109  7:09  Immortal (Chrono Boost)  
  109  7:15  Phoenix (Chrono Boost)  
  115  7:17  Photon Cannon  
  115  7:20  Shield Battery  
  115  7:22  Probe  
  114  7:26  High Templar  
  114  7:27  High Templar x3  
  114  7:28  High Templar x2  
  126  7:31  Pylon  
  126  7:35  Stalker x2  
  126  7:36  Archon x3  
  130  7:37  Phoenix (Chrono Boost)  
  130  7:39  Probe  
  127  7:51  Probe x2  
  127  7:55  Phoenix  
  127  7:59  Stalker x4  
  135  8:06  Probe x2  
  135  8:16  Stalker x4  
  135  8:18  Probe (Chrono Boost)  
  136  8:20  Phoenix  
  131  8:30  Probe (Chrono Boost)  
  131  8:31  Probe (Chrono Boost)  
  131  8:32  Probe (Chrono Boost)  
  132  8:36  Photon Cannon  
  132  8:38  High Templar x2  
  132  8:39  Probe x2 (Chrono Boost)  
  132  8:41  Zealot x3  
  144  8:42  Archon  
  144  8:48  Pylon  
  144  8:56  Zealot x3  
  144  8:58  Probe  
  144  9:01  Probe  
  150  9:07  Zealot x3  
  144  9:11  Warp Prism  
  138  9:20  Zealot x4  
  138  9:21  Zealot  
  138  9:22  Probe  
  144  9:27  Protoss Ground Weapons Level 3, Nexus  
  144  9:30  Pylon  
  144  9:36  Pylon  
  144  9:39  Probe  
  145  9:45  High Templar x2  
  145  9:46  High Templar x4  
  145  9:47  Zealot x2  
  145  9:50  Archon x2  
  161  9:52  Archon  
  161  9:53  Immortal (Chrono Boost)  
  161  9:57  Probe, Blink  
  160  10:01  Psionic Storm  
  160  10:12  Probe x2  
  161  10:14  Probe  
  147  10:30  Sentry x2  
  147  10:31  Zealot x5  
  150  10:35  Probe  
  150  10:39  Zealot  
  150  10:51  Zealot x5  
  150  10:54  High Templar x2  
  164  10:59  Assimilator  
  164  11:02  Phoenix (Chrono Boost)  
  164  11:03  Photon Cannon, Assimilator  
  164  11:04  Shield Battery  
  164  11:07  Photon Cannon  
  164  11:09  Photon Cannon  
  164  11:10  Photon Cannon  
  154  11:12  Photon Cannon  
  154  11:17  Zealot x3  
  158  11:18  Phoenix (Chrono Boost)  
  160  11:27  Zealot x2  
  160  11:30  Zealot x3  
  155  11:44  Zealot x3  
  150  11:52  Zealot x5  
  150  11:54  Zealot x3  
  125  11:56  Immortal  
  125  12:04  Zealot x5  
  125  12:06  Probe  
  125  12:08  Phoenix  
  121  12:09  Probe  
  121  12:11  Pylon  
  121  12:12  Assimilator  
  121  12:14  Stalker  
  121  12:15  Stalker  
  124  12:22  Stargate  
  124  12:24  Fleet Beacon  
  124  12:25  Zealot x4  
  124  12:29  Stargate, Zealot x2  
  130  12:39  Zealot  
  130  12:40  Zealot  
  112  12:47  Zealot x4  
  112  12:50  Zealot  
  116  12:51  Probe (Chrono Boost)  
  116  12:52  Probe x2 (Chrono Boost)  
  114  13:03  Probe (Chrono Boost), High Templar x2, Nexus  
  114  13:04  Zealot  
  117  13:08  Pylon  
  117  13:15  Mothership (Chrono Boost)  
  117  13:16  High Templar x3  
  131  13:27  Zealot  
  131  13:28  Assimilator  
  131  13:29  Zealot  
  131  13:31  Archon  
  135  13:35  Nexus  
  135  13:36  Zealot  
  137  13:41  Zealot  
  137  13:45  High Templar  
  141  13:53  High Templar x2, Sentry  
  147  13:59  Archon  
  153  14:09  Void Ray (Chrono Boost)  
  155  14:12  Void Ray (Chrono Boost)  
  155  14:14  High Templar x4  
  155  14:15  Unknown  
  161  14:18  Stalker x2  
  161  14:22  Archon  
  161  14:23  Archon  
  163  14:27  Protoss Shields Level 1 (Chrono Boost)  
  157  14:43  Zealot x2  
  148  14:46  Archon  
  148  14:47  Zealot x3  
  148  14:52  Zealot  
  130  14:53  Probe  
  130  14:56  Probe (Chrono Boost)  
  126  15:05  Probe (Chrono Boost)  
  129  15:07  High Templar x4  
  129  15:11  Probe x2 (Chrono Boost)  
  129  15:13  Probe (Chrono Boost)  
  138  15:16  Archon  
  138  15:17  Zealot x3  
  142  15:21  Zealot  
  142  15:27  Pylon  
  144  15:37  Zealot x3  
  144  15:38  Zealot  
  137  15:52  Archon  
  137  15:56  Zealot x4  
  137  15:57  Zealot x2  
  125  15:58  Probe  
  125  15:59  Probe  
  125  16:01  Probe  
  102  16:17  High Templar x4  
  102  16:18  High Templar x2  
  96  16:19  High Templar x2  
  96  16:20  Probe  
  96  16:22  Archon x2  
  96  16:23  Probe x2, Archon  
  103  16:29  Probe  
  96  16:33  Archon  
  96  16:37  Pylon  
  96  16:49  Zealot x4  
  96  16:51  Zealot x4  
  108  17:12  Zealot x2  
  108  17:13  Zealot x6  
  124  17:26  Nexus  
  124  17:27  Pylon  
  124  17:35  Stalker x5  
  128  17:37  Probe  
  129  17:47  Immortal  
  117  17:51  Stalker x2  
  117  17:55  Void Ray (Chrono Boost)  
  109  18:03  Sentry x3  
  109  18:05  Sentry  
  114  18:06  Zealot x2  
  101  18:22  High Templar x2  
  101  18:27  Archon  
  101  18:33  Zealot x6  
  69  18:58  High Templar x3  
  69  18:59  High Templar  
  69  19:02  High Templar x2  
  79  19:03  Zealot x2  
  79  19:05  Archon x2  
  79  19:08  Archon  

Tags
 
Add a new tag
Caveats
  • Supply blocks, unpowered buildings, or Contaminate may cause inaccurate times.
  • Supply counts are checked every 10 seconds.